 Dungeon Crawl Stone Soup version 0.29.1-4-g47bece8355 (webtiles) character file.

Game seed: 12154755133003768295

76 LordRotharoth the Shield-Bearer (level 4, -8/44 HPs)
             Began as a Troll Fighter on Dec 8, 2022.
             Mangled by iamoutofideas's ghost (11 damage)
             ... on level 3 of the Dungeon.
             The game lasted 00:16:58 (3415 turns).

LordRotharoth the Shield-Bearer (Troll Fighter)     Turns: 3415, Time: 00:16:59

Health: -8/44      AC:  3    Str: 26      XL:     4   Next: 12%
Magic:  3/3        EV:  8    Int:  4      God:
Gold:   50         SH: 11    Dex:  5 (9)  Spells: 3/3 levels left

rFire   + . .      SeeInvis .   h - +5 demon blade (venom)
rCold   . . .      Faith    .   c - +0 kite shield
rNeg    . . .      Spirit   .   b - +0 robe
rPois   .          Reflect  +   (helmet restricted)
rElec   .          Harm     .   (no cloak)
rCorr   .          Rampage  .   (gloves unavailable)
Will    .....                   (boots unavailable)
Stlth   +.........              g - amulet of reflection
HPRegen 1.74/turn               (no ring)
MPRegen 0.08/turn               (no ring)

@: mighty
A: large, unfitting armour, claws 3, regeneration 2, shaggy fur 1, tough skin 1,
deformed body, fire resistance 1
a: no special abilities


You were on level 3 of the Dungeon.
You visited 1 branch of the dungeon, and saw 3 of its levels.

You collected 50 gold pieces.

Inventory:

Hand Weapons
 h - a +5 demon blade of venom (weapon)
Missiles
 e - 23 stones (quivered)
Armour
 b - a +0 robe (worn)
 c - a +0 kite shield (worn)
Jewellery
 g - an amulet of reflection (around neck)
Scrolls
 f - 4 scrolls of identify
Potions
 d - a potion of might


   Skills:
 + Level 2.9 Fighting
 + Level 2.3 Long Blades
 + Level 2.9 Dodging
 + Level 0.1 Stealth
 + Level 3.1 Shields


You had 3 spell levels left.
You didn't know any spells.
Your spell library was empty.

Dungeon Overview and Level Annotations

Branches:
Dungeon (2/15)

Altars:

Annotations:
D:3 1 transporter, iamoutofideas's ghost, amateur HOBe


Innate Abilities, Weirdness & Mutations

You are too large for most types of armour.
You have claws for hands.
You heal very quickly.
You are covered in fur. (AC +1)
You have tough skin. (AC +1)
Armour fits poorly on your strangely shaped body.
Your flesh is heat resistant. (rF+)


Message History

The quasit claws you but does no damage.
The quasit closely misses you. The quasit bites you.
* * * LOW HITPOINT WARNING * * *
You feel clumsy.
The quasit claws you but does no damage.
The quasit claws you.
* * * LOW HITPOINT WARNING * * *
Unknown command.
Okay, then.
Okay, then.
Press: ? - help, v - describe, . - travel
Here: a quasit The floor.
Unknown command.
You feel very mighty all of a sudden. You block the quasit's attack.
The quasit barely misses you.
The quasit claws you but does no damage.
The quasit bites you.
* * * LOW HITPOINT WARNING * * *
You feel clumsy. The quasit claws you.
* * * LOW HITPOINT WARNING * * *
The quasit claws you but does no damage.
You block iamoutofideas's ghost's attack.
Okay, then.
You closely miss the quasit. You block the quasit's attack. x2
The quasit claws you but does no damage.
The quasit bites you but does no damage.
The quasit claws you.
* * * LOW HITPOINT WARNING * * *
The quasit claws you but does no damage.
Iamoutofideas's ghost hits you!
* * * LOW HITPOINT WARNING * * *
The quasit bites you but does no damage.
The quasit claws you but does no damage.
You block the quasit's attack. The quasit barely misses you.
The quasit claws you.
* * * LOW HITPOINT WARNING * * *
You block the quasit's attack. Iamoutofideas's ghost hits you!
You die...

.....<...............###.........
##.###...†.......#####.##........
##.###..........##......#........
...............##....#..##...####
...#.....#.###.#...#...#.#...####
#..#.....#.###.##..##.#. #.......
#..#.....#.##..©#.#...#.##...###.
#..###.........##5....#$#........
##.###.###.###.#@W.#©.=(#©...###.
....... ##.# #.#5#...#..#..#.#
.###.##..#. #.##.#.....##...##
......#.# #..#...#.#..#....#
##.##...#######.#...#.#..#.#.....
....#.#.#.......#...... ##.#.##..
.##...#..#.####.###.©.###..#.# ..
..#.#.#.#.........#####......#
♣...#...#..#####.........###.#


You could see 2 quasits and iamoutofideas's ghost.

Vanquished Creatures
  A quasit (D:3)
  A dart slug (D:1)
  2 endoplasms (D:1)
  2 giant cockroaches (D:1)
  4 goblins (D:1)
  4 hobgoblins
  2 quokkas
  11 ball pythons
  A bat (D:1)
  8 kobolds
36 creatures vanquished.

Notes
Turn   | Place    | Note
-------+----------+-------------------------------------------
     0 | D:1      | LordRotharoth the Troll Fighter began the quest for the
                  | Orb.
     0 | D:1      | Reached XP level 1. HP: 22/22 MP: 0/0
   938 | D:1      | Found a faded altar of an unknown god.
  1241 | D:1      | Reached XP level 2. HP: 29/29 MP: 1/1
  1948 | D:1      | Reached XP level 3. HP: 36/36 MP: 2/2
  1953 | D:1      | Reached skill level 3 in Shields
  1970 | D:1      | Gained mutation: Armour fits poorly on your strangely
                  | shaped body. [potion of mutation]
  1970 | D:1      | Gained mutation: Your flesh is heat resistant. (rF+)
                  | [potion of mutation]
  1970 | D:1      | Gained mutation: You heal very quickly. [potion of
                  | mutation]
  2805 | D:2      | You fall into a shaft and drop 1 floor!
  3001 | D:3      | Identified a scroll of acquirement
  3001 | D:3      | Acquired a +4 demon blade of venom
  3095 | D:3      | Noticed iamoutofideas's ghost (amateur HOBe)
  3097 | D:3      | Found a transporter.
  3255 | D:3      | Found a transporter.
  3413 | D:3      | Reached XP level 4. HP: 25/44 MP: 3/3
  3415 | D:3      | Mangled by iamoutofideas's ghost

Illustrated notes

Levels and vault maps discovered:
D:1:      dpeg_arrival_another_circle, layout_basic,
          ebering_ecumenical_altar_abandoned, st_stairs_9
D:2:      layout_rooms, amethyst_killhole, kennysheep_generic_room_15
D:3:      layout_basic, lemuel_blue_sif_altar, gammafunk_ghost_stat_death,
          nicolae_concentric_dashed_squares_wild

Skill      XL: |  1  2  3 |
---------------+----------+-----
Shields        | 3 |  3.1
Long Blades    | 2 |  2.3
Fighting       | |  2.9
Dodging        | |  2.9
Stealth        | |  0.1

Action                   |  1- 3 |  4- 6 || total
-------------------------+-------+-------++-------
Melee: Long sword        |   108 |       ||   108
       Demon blade       |    12 |     2 ||    14
  Use: Scroll            |     6 |       ||     6
       Potion            |     5 |     1 ||     6
Armor: Robe              |    64 |    12 ||    76
Dodge: Dodged            |    56 |     3 ||    59
Block: Kite shield       |    65 |     9 ||    74
